 Dungeon Crawl Stone Soup version 0.29-a0-106-g0a07039d5a (webtiles) character file.

Game seed: 16873983228304686945

11916 siradein the Fighter (level 11, 0/97 HPs)
             Began as a Pale Draconian Fighter on Feb 17, 2022.
             Was an Elder of Makhleb.
             Slain by a red ugly thing (26 damage)
             ... on level 11 of the Dungeon.
             The game lasted 00:52:30 (12710 turns).

siradein the Fighter (Pale Draconian Fighter)      Turns: 12710, Time: 00:52:31

Health: 0/97       AC: 12    Str: 22    XL:     11   Next: 55%
Magic:  0/11       EV: 18    Int:  8    God:    Makhleb [****..]
Gold:   47         SH:  7    Dex: 23    Spells: 10/10 levels left

rFire   x . .      SeeInvis .   Q - +1 scimitar
rCold   + . .      Faith    .   b - +0 buckler
rNeg    . . .      Spirit   +   (armour unavailable)
rPois   .          Reflect  .   (helmet restricted)
rElec   .          Harm     .   A - +0 cloak
rCorr   .          Rampage  .   U - +2 pair of gloves {Str+3}
Will    .....                   B - +0 pair of boots
Stlth   +++.......              f - amulet of guardian spirit
HPRegen 0.26/turn               v - ring of ice
MPRegen 0.12/turn               x - +6 ring of dexterity

@: no status effects
A: breathe steam, AC +7, unfitting armour, cold-blooded, steam resistance, thin
skeletal structure 1, passive freeze
a: Breathe Steam, Renounce Religion, Minor Destruction, Lesser Servant of
Makhleb, Major Destruction


You were on level 11 of the Dungeon.
You worshipped Makhleb.
Makhleb was greatly pleased with you.
You visited 2 branches of the dungeon, and saw 13 of its levels.
You visited 1 bazaar.
You also visited: Sewer and Ossuary.

You collected 845 gold pieces.
You spent 798 gold pieces at shops.

Inventory:

Hand Weapons
 s - a +2 vampiric dagger
 y - a +2 rapier of speed
 z - a +1 rapier of venom
 Q - a +1 scimitar (weapon)
Missiles
 i - 8 boomerangs
 j - 23 poisoned darts (quivered)
 P - 5 atropa-tipped darts
Armour
 b - a +0 buckler (worn)
 A - a +0 cloak (worn)
 B - a +0 pair of boots (worn)
 U - a +2 pair of gloves of strength (worn)
Jewellery
 a - a ring of poison resistance
 f - an amulet of guardian spirit (around neck)
 q - a ring of magical power
 v - a ring of ice (left hand)
 x - a +6 ring of dexterity (right hand)
 C - a ring of fire
Wands
 n - a wand of paralysis (6)
 u - a wand of mindburst (10)
 N - a wand of iceblast (5)
 O - a wand of flame (24)
Scrolls
 d - 3 scrolls of fear
 k - 2 scrolls of enchant armour
 l - 2 scrolls of magic mapping
 w - 2 scrolls of teleportation
 D - a scroll of blinking
 E - a scroll of fog
 F - 3 scrolls of holy word
 I - a scroll of amnesia
 K - 2 scrolls of immolation {unknown}
 L - 3 scrolls of enchant weapon
 S - a scroll of silence {unknown}
Potions
 c - 3 potions of might
 e - 2 potions of cancellation
 g - 7 potions of mutation
 h - a potion of magic
 m - 3 potions of flight
 o - 2 potions of haste
 p - 3 potions of brilliance
 r - 10 potions of curing
 t - a potion of attraction {unknown}
 G - a potion of invisibility {unknown}
 H - 2 potions of ambrosia {unknown}
 J - 4 potions of lignification
 M - 4 potions of heal wounds {unknown}


   Skills:
 + Level 9.4 Fighting
 + Level 8.2 Long Blades
 - Level 6.0 Throwing
 + Level 7.8 Dodging
 + Level 8.4 Shields
 + Level 7.8 Evocations


You had 10 spell levels left.
You didn't know any spells.
Your spell library contained the following spells:

 Spells                   Type           Power      Damage    Failure   Level
 Magic Dart               Conj           0%         1d3       47%         1
 Searing Ray              Conj           0%         2d4       63%         2
 Static Discharge         Conj/Air       0%         N/A       63%         2
 Dispel Undead            Necr           0%         3d6       99%         4
 Fulminant Prism          Conj/Hex       0%         3d6       99%         4
 Sticky Flame             Conj/Fire      0%         2d3       99%         4
 Conjure Ball Lightning   Conj/Air       0%         3x3d6     100%        6
 Discord                  Hex            0%         N/A       100%        8
 Disjunction              Tloc           0%         N/A       100%        8


Dungeon Overview and Level Annotations

Branches:
Dungeon (12/15)            Temple (1/1) D:4            Lair (0/6) D:9
    Orc (0/2) D:9           Sewer (visited)         Ossuary (visited)

Altars:
Ashenzari
Cheibriados
Dithmenos
Elyvilon
Fedhas
Gozag
Hepliaklqana
Kikubaaqudgha
Makhleb
Nemelex Xobeh
Okawaru
Qazlal
Ru
Sif Muna
Trog
Uskayaw
Vehumet
Wu Jian
Xom
Yredelemnul
Zin
The Shining One

Shops:
D:1 [   D:5 [


Innate Abilities, Weirdness & Mutations

You can breathe blasts of scalding, opaque steam.
Your pale cyan-grey scales are hard. (AC +7)
You cannot fit into any form of body armour.
You are cold-blooded and may be slowed by cold attacks.
You are immune to the effects of steam.
You have a somewhat thin skeletal structure. (Dex +2, Stealth+)
A frigid envelope surrounds you and freezes all who hurt you.


Message History

Throw: 24 darts (poison)
Press: ? - help, Q - select action, (/) - cycle Shift-Dir - straight line, f/p - red ugly thing
Aim: a red ugly thing (lightly wounded, 70% to hit)
You throw a poisoned dart.
The poisoned dart hits the red ugly thing.
The red ugly thing is poisoned.
The red ugly thing is lightly wounded.
The red ugly thing barely misses you.
You hit the red ugly thing but do no damage.
The red ugly thing is lightly wounded.
The red ugly thing gores you.
You are engulfed in flames!!
The fire burns you terribly!
The red ugly thing is very cold.
The red ugly thing is lightly wounded.
You closely miss the red ugly thing.
The red ugly thing is lightly wounded.
You have got your breath back.
The red ugly thing gores you!
You are engulfed in flames!!
The fire burns you terribly!
* * * LOW HITPOINT WARNING * * *
The red ugly thing is very cold.
The red ugly thing is moderately wounded.
The red ugly thing looks more healthy.
You block the red ugly thing's attack.
There is an open door, spattered with blood here.
Things that are here:
a +0 dagger; a +0 robe
Aiming: Breathe Steam (1% risk of failure)
Press: ? - help, Shift-Dir - straight line, f/p - red ugly thing
Aim: a red ugly thing (moderately wounded, 74% to hit)
You exhale a blast of scalding steam.
The ball of steam hits the red ugly thing.
The red ugly thing resists.
The red ugly thing is moderately wounded.
The red ugly thing closely misses you.
A demon appears!
You block the red ugly thing's attack.
You have got your breath back.
The red ugly thing gores you.
* * * LOW HITPOINT WARNING * * *
You are engulfed in flames!!
The fire burns you terribly!
You die...

## ##...#...## ##..# ..#
.###...###...###..## ##..#
......## ##......## #...#
####...###...##### ##...+
##...#...## ##....# ##.....##
###.....# ##...## #####.......#
.#####)#####..3..##....#
#.....ยง.......u@........#
###....##...............####+#
##########...............#......
........##...##########'##......
........###'###..#..............
.................#..............
.................#..............
.................'..............
##################..............


You could see a red ugly thing (ally target) and a friendly neqoxec (summoned).

Vanquished Creatures
  A two-headed ogre (D:10)
  Pikel (D:5)
  A manticore (D:11)
  Psyche (D:9)
  2 kobold demonologists
  3 trolls
  A meliai zombie (D:11)
  A shadow (D:12)
  22 yaks
  Sigmund (D:5)
  2 wraiths
  A basilisk (D:9)
  Eustachio (D:5)
  2 wyverns (D:9)
  A steam dragon (D:8)
  Edmund (D:5)
  Menkaure (Ossuary)
  2 acid dragons
  3 water moccasins (D:9)
  4 orc warriors
  A sky beast (D:8)
  3 black bears
  3 necrophages
  2 centaurs
  3 bullfrogs
  3 kobold brigands (D:10)
  3 scorpions (D:6)
  A water moccasin zombie (D:5)
  6 wights (D:9)
  A crimson imp (D:4)
  A hound (D:6)
  9 centaur zombies
  6 jellies
  3 orc priests
  2 centaur skeletons (D:4)
  8 iguanas
  Ijyb (D:4)
  3 orc wizards
  A hell rat (Sewer)
  3 ogre zombies (Ossuary)
  6 mummies (Ossuary)
  A howler monkey zombie (D:7)
  A howler monkey skeleton (D:6)
  5 gnolls
  6 adders
  A river rat (D:4)
  A shadow imp (D:5)
  A white imp (D:6)
  3 ufetubi
  4 adder zombies (Ossuary)
  3 worms
  22 orcs
  7 ball pythons
  2 bats
  A bat skeleton (D:2)
  10 endoplasms
  2 giant cockroaches
  7 goblins
  7 hobgoblins
  8 jackals
  16 kobolds
  10 quokkas
  3 frilled lizards
  A goblin skeleton (D:4)
  6 goblin zombies
  5 hobgoblin zombies
  A kobold skeleton (D:4)
  6 kobold zombies
  2 orc zombies (D:4)
  5 quokka zombies (Ossuary)
  10 rats
  5 rat zombies (Ossuary)
  A spectral orc (D:9)
284 creatures vanquished.

Vanquished Creatures (others)
  A worm (D:3)
  An endoplasm (D:3)
  A giant cockroach (D:3)
  A bush (D:9)
  4 fungi (D:9)
  19 plants (D:9)
27 creatures vanquished.

Grand Total: 311 creatures vanquished

Notes
Turn   | Place    | Note
-------+----------+-------------------------------------------
     0 | D:1      | siradein the Draconian Fighter began the quest for the Orb.
     0 | D:1      | Reached XP level 1. HP: 19/19 MP: 1/1
    46 | D:1      | Found a faded altar of an unknown god.
   191 | D:1      | Reached XP level 2. HP: 25/26 MP: 2/2
   199 | D:1      | Found Zagg's Antique Armour Boutique.
   632 | D:1      | Reached XP level 3. HP: 33/33 MP: 3/3
  1920 | D:2      | Reached XP level 4. HP: 38/40 MP: 4/4
  2287 | D:3      | Reached skill level 1 in Throwing
  2384 | D:3      | Reached skill level 4 in Fighting
  2985 | D:4      | Reached XP level 5. HP: 43/46 MP: 5/5
  3096 | D:4      | Found a glowing drain.
  3131 | Sewer    | Entered a sewer
  3479 | D:4      | Noticed a necrophage
  3497 | D:4      | Killed a necrophage
  3498 | D:4      | Reached XP level 6. HP: 27/53 MP: 6/6
  3750 | D:4      | Noticed Ijyb
  3780 | D:4      | HP: 2/53 [Ijyb (5)]
  3781 | D:4      | Killed Ijyb
  4150 | D:4      | Found a glowing golden altar of the Shining One.
  4402 | D:4      | Found a staircase to the Ecumenical Temple.
  4412 | Temple   | Entered the Ecumenical Temple
  4687 | Temple   | Became a worshipper of Makhleb the Destroyer
  5107 | D:5      | Entered Level 5 of the Dungeon
  5197 | D:5      | Noticed Edmund
  5222 | D:5      | Killed Edmund
  5223 | D:5      | Reached skill level 1 in Evocations
  5223 | D:5      | Your scales start taking on a pale cyan-grey colour.
  5223 | D:5      | Reached XP level 7. HP: 31/60 MP: 7/7
  5223 | D:5      | Gained mutation: You are immune to the effects of steam.
                  | [Pale Draconian growth]
  5382 | D:5      | Noticed Eustachio
  5388 | D:5      | Killed Eustachio
  5389 | D:5      | Reached skill level 5 in Fighting
  5397 | D:5      | Found Jiakkec's Armour Emporium.
  5419 | D:5      | Bought a +0 cloak for 54 gold pieces
  5419 | D:5      | Bought a +0 pair of boots for 54 gold pieces
  5432 | D:5      | Found a sacrificial altar of Ru.
  5435 | D:5      | Found a radiant altar of Vehumet.
  5605 | D:5      | Found a white marble altar of Elyvilon.
  5648 | D:5      | Noticed Pikel
  5668 | D:5      | Killed Pikel
  5669 | D:5      | Reached skill level 5 in Shields
  5669 | D:5      | Reached XP level 8. HP: 70/70 MP: 8/8
  5847 | D:5      | Noticed Sigmund
  5873 | D:5      | Killed Sigmund
  5874 | D:5      | Reached skill level 6 in Fighting
  5874 | D:5      | Reached skill level 5 in Dodging
  5939 | D:5      | Reached skill level 5 in Long Blades
  6340 | D:5      | Gained mutation: You are covered in fur. (AC +1) [potion of
                  | mutation]
  6340 | D:5      | Gained mutation: A frigid envelope surrounds you and
                  | freezes all who hurt you. [potion of mutation]
  6340 | D:5      | Lost mutation: You are covered in fur. (AC +1) [potion of
                  | mutation]
  6340 | D:5      | Gained mutation: You have a somewhat thin skeletal
                  | structure. (Dex +2, Stealth+) [potion of mutation]
  6489 | D:6      | Found a sparkling altar of Nemelex Xobeh.
  6558 | D:6      | Reached XP level 9. HP: 77/77 MP: 9/9
  6560 | D:6      | Reached * piety under Makhleb
  6898 | D:7      | Found a sand-covered staircase.
  6904 | Ossuary  | Entered an ossuary
  7074 | Ossuary  | Noticed Menkaure
  7076 | Ossuary  | Killed Menkaure
  7306 | Ossuary  | Reached ** piety under Makhleb
  8217 | D:8      | Reached skill level 7 in Fighting
  8337 | D:8      | Reached skill level 5 in Evocations
  8645 | D:8      | Reached skill level 5 in Throwing
  8779 | D:9      | Noticed Psyche
  8787 | D:9      | Killed Psyche
  8788 | D:9      | Reached XP level 10. HP: 43/86 MP: 10/10
  8797 | D:9      | Reached *** piety under Makhleb
  9046 | D:9      | Found a staircase to the Lair.
  9231 | D:9      | Reached skill level 8 in Fighting
  9251 | D:9      | Found a staircase to the Orcish Mines.
  9539 | D:9      | Found a basalt altar of Yredelemnul.
  9656 | D:9      | Found a snail-covered altar of Cheibriados.
  9896 | D:10     | Entered Level 10 of the Dungeon
 10111 | D:10     | Reached XP level 11. HP: 60/95 MP: 6/11
 10392 | D:10     | Reached **** piety under Makhleb
 10839 | D:10     | Noticed a two-headed ogre
 11225 | D:10     | Killed a two-headed ogre
 11928 | D:11     | Noticed an ice dragon
 11928 | D:11     | You fall into a shaft and drop 1 floor!
 11959 | D:12     | Reached skill level 9 in Fighting
 12007 | D:12     | Found a flickering gateway to a bazaar.
 12012 | Bazaar   | Entered a bazaar
 12033 | Bazaar   | Found Gonut's Antique Armour Boutique.
 12047 | Bazaar   | Found Kuogustoh's Distillery.
 12075 | Bazaar   | Found Ujixin's Antique Armour Shop.
 12083 | Bazaar   | Bought a pair of runed gloves for 180 gold pieces
 12102 | Bazaar   | Found Unonuag's Distillery.
 12110 | Bazaar   | Bought a potion of curing for 51 gold pieces
 12110 | Bazaar   | Bought a potion of mutation for 136 gold pieces
 12110 | Bazaar   | Bought a potion of brilliance for 68 gold pieces
 12110 | Bazaar   | Bought a potion of curing for 51 gold pieces
 12110 | Bazaar   | Bought a potion of degeneration for 17 gold pieces
 12110 | Bazaar   | Bought a potion of lignification for 51 gold pieces
 12110 | Bazaar   | Bought a potion of mutation for 136 gold pieces
 12440 | D:11     | Noticed a sun demon
 12686 | D:11     | Noticed a red ugly thing
 12710 | D:11     | Slain by a red ugly thing

Illustrated notes

Levels and vault maps discovered:
D:1:      dpeg_arrival_shrine, layout_basic, serial_shops,
          nicolae_shop_behind_doors, ebering_ecumenical_altar_hall
D:2:      layout_rooms, kennysheep_generic_room_7
D:3:      layout_loops_ring, lemuel_flame_loot_1
D:4:      layout_loops_corners, nicolae_tso_besieged_by_evil,
          minmay_temple_entry_mini_moons, cheibrodos_sewer_entry_sluice,
          uniq_ijyb
D:5:      layout_gridville, mainiacjoe_overflow_alcove_2,
          nicolae_overflow_squiral, serial_shops, shop, hex_tiny, uniq_edmund,
          uniq_pikel, uniq_eustachio, uniq_sigmund
D:6:      layout_cave_pools, lemuel_tele_altar
D:7:      layout_rooms, nicolae_ossuary_entry_plus
D:8:      layout_basic
D:9:      layout_basic, yredelemnul_forgotten_temple_becter,
          cheibrodos_worm_habitat, minmay_lair_entry_grove, orc_0_dummy,
          minivault_26, uniq_psyche
D:10:     layout_loops_corners
D:11:     minmay_the_grid_plus_closed [minmay_the_grid_minigrid_medium,
          minmay_the_grid_rooms, minmay_the_grid_outer_diamond,
          minmay_the_grid_dragon_b, minmay_the_grid_prize_inner_circle],
          layout_gridville, uniq_gastronok
D:12:     layout_roguey [special_room_orc], serial_shops, bzr_entry_road,
          minivault_5, vehumet_altar_wand_db, uniq_frances
Temple:   regret_index_temple_generic_petals

Skill      XL: |  1  2  3  4  5  6  7  8  9 10 11 |
---------------+----------------------------------+-----
Dodging        | 3 4 5 6 7 |  7.8
Throwing       | 1 2 3 4 5 6 |  6.0
Fighting       | 4 5 6 7 8 9 |  9.4
Long Blades    | 3 4 5 6 7 8 |  8.2
Shields        | 4 5 6 7 8 |  8.4
Evocations     | 1 3 4 5 6 7 |  7.8

Action                   |  1- 3 |  4- 6 |  7- 9 | 10-12 || total
-------------------------+-------+-------+-------+-------++-------
Melee: Long sword        |   100 |   189 |    13 |       ||   302
       Tailslap          |     6 |    26 |    40 |    24 ||    96
       Dagger            |       |    23 |       |       ||    23
       Rapier            |       |    18 |   240 |    26 ||   284
       Scimitar          |       |       |       |   127 ||   127
Throw: Boomerang         |     1 |     2 |       |       ||     3
       Dart              |       |     3 |     6 |     7 ||    16
Invok: Lesser Servant of |       |       |       |     1 ||     1
 Abil: Breathe Steam     |       |       |    31 |    31 ||    62
  Use: Scroll            |       |     3 |     9 |     6 ||    18
       Potion            |       |       |     1 |       ||     1
 Stab: Sleeping          |       |     1 |    18 |     1 ||    20
       Distracted        |       |       |     1 |     1 ||     2
Armor: Skin              |    24 |    59 |    52 |    49 ||   184
Dodge: Dodged            |    54 |   121 |   150 |   113 ||   438
Block: Buckler           |    22 |    59 |    71 |    61 ||   213

Table legend: (Time is in decaauts)
 A = Elapsed time spent in this place.
 B = Non-inter-level travel time spent in this place.
 C = Inter-level travel time spent in this place.
 D = Time resting spent in this place.
 E = Time spent auto-exploring this place.
 F = Levels seen in this place.
 G = Mean time per level.
                   A        B        C        D        E       F      G
               +--------+--------+--------+--------+--------+-----+--------+
         Total |  12790 |  12503 |    287 |    273 |   9812 |  16 |  799.4 |
       Dungeon |  11590 |  11303 |    287 |    265 |   8971 |  12 |  965.8 |
        Temple |    316 |    316 |      0 |      0 |    230 |   1 |  316.0 |
        Bazaar |    127 |    127 |      0 |      0 |    106 |   1 |  127.0 |
         Sewer |    268 |    268 |      0 |      0 |    199 |   1 |  268.0 |
       Ossuary |    487 |    487 |      0 |      8 |    306 |   1 |  487.0 |
               +--------+--------+--------+--------+--------+-----+--------+

Top non-repeatable levels by time:
    D:10: 2015 daAuts
     D:4: 1594 daAuts
     D:5: 1244 daAuts
     D:1: 1168 daAuts
     D:9: 1137 daAuts
     D:3: 1033 daAuts
     D:2: 825 daAuts
     D:7: 699 daAuts
     D:8: 650 daAuts
    D:11: 550 daAuts
     D:6: 545 daAuts
 Ossuary: 487 daAuts
  Temple: 316 daAuts
   Sewer: 268 daAuts
  Bazaar: 127 daAuts
